 Dungeon Crawl Stone Soup version 0.30-a0-808-g6e0788376e (webtiles) character file.

Game seed: 9982880818880814109

102837 Popcorn the Messiah (level 16, -14/142 (154) HPs)
             Began as a Hill Orc Monk on Feb 23, 2023.
             Was the Champion of Beogh.
             Killed from afar by a deep elf pyromancer (48 damage)
             ... with a bolt of fire
             ... on level 1 of the Elven Halls on Feb 25, 2023.
             The game lasted 02:54:39 (43602 turns).

Popcorn the Messiah (Hill Orc Monk)                Turns: 43602, Time: 02:54:40

HP:   -14/142 (154) AC: 32    Str: 20      XL:     16   Next: 34%
MP:   31/33         EV:  7    Int: 12 (14) God:    Beogh [******]
Gold: 894           SH: 12    Dex: 19      Spells: 15/15 levels left

rFire   x . .      SeeInvis +    r - +4 scimitar (elec)
rCold   . . .      Faith    .    f - +0 kite shield {reflect}
rNeg    . . .      Spirit   .    t - +1 plate armour of Ashenzari, Keeping {rF- Str+4 Int+4 SInv}
rPois   .          Reflect  +    L - +0 helmet
rElec   .          Harm     .    d - +2 cloak
rCorr   .          Rampage  .    F - +2 pair of gloves
Will    +....                    G - +2 pair of boots Stlth
                                 (no amulet)
HPRegen 0.43/turn                g - +4 ring of protection
MPRegen 0.23/turn                H - +4 ring of slaying

@: drained
A: walk on water, claws 1, talons 1, deterioration 1, high MP 1, no potion heal
1, MP-powered wands
a: Renounce Religion, Smiting, Recall Orcish Followers, Give Item to Named
Follower, Resurrection


You were on level 1 of the Elven Halls.
You worshipped Beogh.
Beogh was exalted by your worship.
You visited 5 branches of the dungeon, and saw 26 of its levels.

You collected 2923 gold pieces.
You spent 2029 gold pieces at shops.

Inventory:

Hand Weapons
 r - a +4 scimitar of electrocution (weapon)
 M - a +0 arbalest of flaming
 N - the +5 mace of Baleful Cruel Justice {venom, rElec rPois rF+++ Dex-3}
   (You found it on level 5 of the Lair of Beasts)

   Dex:       It affects your dexterity (-3).
   rF:        It renders you almost immune to fire.
   rElec:     It insulates you from electricity.
   rPois:     It protects you from poison.
Missiles
 n - a throwing net
 v - 28 poisoned darts (quivered)
 C - 5 curare-tipped darts
Armour
 d - a +2 cloak (worn)
 f - a +0 kite shield of reflection (worn)
 t - the +1 plate armour of Ashenzari, Keeping (worn) {rF- Str+4 Int+4 SInv}
   (You found it on level 8 of the Dungeon)

   Str:       It affects your strength (+4).
   Int:       It affects your intelligence (+4).
   rF:        It makes you vulnerable to fire.
   SInv:      It lets you see invisible.
 y - a scarf of resistance
 F - a +2 pair of gloves (worn)
 G - a +2 pair of boots (worn)
 L - a +0 helmet (worn)
Jewellery
 b - a ring of willpower
 g - a +4 ring of protection (left hand)
 B - a ring of see invisible
 H - a +4 ring of slaying (right hand)
 J - a +4 ring of protection
 T - a ring of flight
Wands
 a - a wand of charming (7)
 i - a wand of flame (24)
 o - a wand of polymorph (4)
 q - a wand of roots (43)
 O - a wand of mindburst (6)
 S - a wand of acid (4)
Scrolls
 j - 16 scrolls of teleportation
 k - a scroll of fear
 l - 3 scrolls of magic mapping
 s - 3 scrolls of vulnerability
 u - 3 scrolls of immolation
 K - 2 scrolls of butterflies
Potions
 c - 3 potions of flight
 e - 2 potions of curing
 h - 2 potions of cancellation
 m - 5 potions of lignification
 p - 2 potions of haste
 x - 6 potions of might
 z - 8 potions of attraction
 A - a potion of heal wounds
 D - 2 potions of magic
 E - a potion of berserk rage
 I - a potion of ambrosia
 R - a potion of invisibility
Miscellaneous
 P - a tin of tremorstones (2/2)


   Skills:
 - Level 16.8 Fighting
 - Level 4.3(9.2) Short Blades
 - Level 13.6(14.0) Long Blades
 + Level 6.3 Maces & Flails
 - Level 12.4 Armour
 - Level 2.4 Dodging
 - Level 1.5 Stealth
 - Level 10.0 Shields
 - Level 20.0 Invocations


You had 15 spell levels left.
You didn't know any spells.
Your spell library contained the following spells:

 Spells                   Type           Power      Damage    Failure   Level
 Magic Dart               Conj           0%         1d3       100%        1
 Shock                    Conj/Air       0%         1d3       100%        1
 Summon Small Mammal      Summ           0%         N/A       100%        1
 Call Imp                 Summ           0%         N/A       100%        2
 Ensorcelled Hibernation  Hex/Ice        0%         N/A       100%        2
 Passwall                 Tmut/Erth      0%         N/A       100%        2
 Call Canine Familiar     Summ           0%         N/A       100%        3
 Mephitic Cloud           Conj/Pois/Air  0%         N/A       100%        3
 Portal Projectile        Hex/Tloc       0%         N/A       100%        3
 Summon Guardian Golem    Hex/Summ       0%         N/A       100%        3
 Swiftness                Air            0%         N/A       100%        3
 Airstrike                Air            0%         2d(0-16)  100%        4
 Leda's Liquefaction      Hex/Erth       0%         N/A       100%        4
 Summon Lightning Spire   Summ/Air       0%         N/A       100%        4
 Storm Form               Tmut/Air       0%         N/A       100%        7
 Maxwell's Capacitive Co  Air            0%         ∞         100%        8


Dungeon Overview and Level Annotations

Branches:
Dungeon (15/15)            Temple (0/1) D:7            Lair (5/5) D:11
  Swamp (3/4) Lair:2        Snake (0/4) Lair:2        Slime (0/5) Lair:4
    Orc (2/2) D:11            Elf (1/3) Orc:2        Vaults (0/5) D:13
 Depths (0/4) D:15

Altars:
Dithmenos
Fedhas
Kikubaaqudgha
Makhleb
Sif Muna
Wu Jian
Xom
Jiyva

Shops:
D:3 *   Orc:2 **?(   Elf:1 (

Portals:
Trove: D:13 (give +4 shadow dragon scales)

Annotations:
D:10 2 runed translucent doors, exclusion: 3 doors, baal32's ghost, journeyman MiFi
D:13 +4 shadow scales


Innate Abilities, Weirdness & Mutations

You can walk on water.
You have sharp fingernails.
You have sharp toenails.
Your body sometimes deteriorates upon taking damage.
You have an increased reservoir of magic. (+10% MP)
Potions are less effective at restoring your health.
You expend magic power (3 MP) to strengthen your wands.


Message History

Marbork roars a battlecry!
Blodwig goes into a battle-frenzy!
The deep elf archer shoots an arrow.
You reflect the arrow off your +0 kite shield of reflection!
The arrow closely misses the deep elf archer.
The deep elf archer gestures wildly while chanting.
The deep elf archer blinks!
Blodwig throws a boomerang.
The boomerang hits the water elemental!!
Marbork no longer looks unusually strong.
Marbork hits something from afar with a +1 halberd of venom!!
The bolt of lightning misses Marbork.
A bolt of lightning appears from out of your range of vision.
Something hits Marbork but does no damage.
Blodwig hits the +2 long sword of freezing with a +3 heavy battleaxe!!
The +2 long sword of freezing falls from the air.
Beogh accepts your kill.
Blodwig hits the water elemental with a +3 heavy battleaxe!
Your surroundings suddenly seem different.
A deep elf pyromancer comes into view. It is wielding a +0 dagger.
The deep elf pyromancer shouts!
Beogh accepts your kill.
You feel a bit more experienced.
The deep elf archer casts a spell.
The deep elf archer blinks!
Beogh accepts your kill.
You feel a bit more experienced.
You begin recalling your allies.
Marbork is recalled.
Blodwig is recalled.
You finish recalling your allies.
A bolt of lightning appears from out of your range of vision.
The bolt of lightning hits Marbork!!
You hear a shout! x2
The deep elf archer shoots an arrow.
The arrow hits you but does no damage.
The deep elf zephyrmancer casts a spell at you.
The bolt of lightning hits you!
* * * LOW HITPOINT WARNING * * *
The bolt of lightning misses you.
The deep elf pyromancer points at you and mumbles some strange words.
The bolt of fire hits you!!! The fire burns you terribly!
You die...

..... # ..... ..#.!..
..##...##########.#....
...#...#..............8
...#.e.#........ #....
...'...#....... #..E.
#...#...# .e. #..o@...#
.)####e#
#...#o..'.......o..oE
#...#...#.....#...#..
#...#...# ....#. #..
#...#e..# ... #..
#..e#...# ## #..
#...#.... #..
#...#..... #.. #..


You could see a deep elf archer (repels missiles), a deep elf pyromancer, a deep
elf zephyrmancer (ally target), the friendly Marbork the orc warlord (drained)
and the friendly Blodwig the orc knight (strong).

Vanquished Creatures
  An eleionoma (Swamp:3)
  An orc knight (Swamp:3)
  Josephine (Lair:3)
  A fire dragon (Lair:5)
  An ice dragon (Lair:5)
  4 vault guards (D:13)
  A peacekeeper (Orc:2)
  2 centaur warriors
  5 two-headed ogres
  A dancing weapon (Orc:2)
  A death knight (D:14)
  A boulder beetle (D:13)
  5 alligators
  10 death yaks
  Sonja (D:10)
  4 deep elf knights
  5 skeletal warriors
  A skyshark (Lair:4)
  2 bog bodies
  A deep elf archer (Elf:1)
  An ugly thing (D:11)
  A lindwurm (Lair:5)
  An orc sorcerer (Orc:2)
  4 deep elf zephyrmancers
  7 deep elf pyromancers
  3 cyclopes
  A manticore (D:15)
  7 black mambas
  Joseph (D:10)
  11 elephants
  2 gargoyles
  4 cane toads
  2 torpor snails (Lair:5)
  2 kobold demonologists (D:10)
  3 rime drakes
  Psyche (D:10)
  A freezing wraith (D:14)
  3 komodo dragons
  A tengu conjurer (D:15)
  A polar bear (D:11)
  A hornet (Lair:5)
  5 trolls
  Grinder (D:5)
  3 saltlings (Orc:2)
  3 blink frogs (Lair:3)
  A shadow (D:11)
  Sigmund (D:4)
  2 vampires
  An air elemental (Elf:1)
  A slime creature (D:15)
  6 wraiths
  3 water elementals (Elf:1)
  4 wyverns
  5 basilisks
  5 hogs (D:13)
  49 yaks
  Menkaure (D:6)
  10 vampire mosquitoes
  4 swamp worms
  A warg (Orc:2)
  A naga (Lair:2)
  An acid dragon (Lair:5)
  Edmund (D:4)
  10 water moccasins
  A swamp drake (Lair:5)
  6 orc warriors
  An ice beast (D:7)
  2 sky beasts (D:7)
  2 boggarts (D:15)
  2 ogres (Orc:1)
  4 centaurs
  4 wolves (Lair:5)
  A phantom (D:5)
  Blork the orc (D:6)
  3 kobold brigands
  6 bullfrogs
  A scorpion (D:6)
  3 wights (D:8)
  10 killer bees
  A howler monkey (D:7)
  A jelly (D:6)
  3 orc priests
  A gnoll bouda (D:7)
  5 hell rats (Lair:4)
  3 iguanas (Lair:5)
  7 orc wizards
  7 gnolls
  14 adders
  A shadow imp (D:7)
  2 white imps
  A worm (D:4)
  10 dart slugs
  33 orcs
  2 ball pythons
  7 endoplasms
  A giant cockroach (D:1)
  7 goblins
  6 hobgoblins
  5 quokkas
  2 bats (D:1)
  3 frilled lizards
  29 kobolds
  2 rats (D:3)
  A butterfly (D:8)
427 creatures vanquished.

Vanquished Creatures (collateral kills)
  Jorgrun (Swamp:3)
  A thorn hunter (Swamp:2)
  Kirke (D:13)
  Donald (Swamp:3)
  2 orc warlords
  2 eleionomae
  Azrael (D:15)
  A bunyip (Swamp:1)
  A deep elf death mage (Elf:1)
  3 fire dragons (D:15)
  3 vault guards (D:13)
  Erolcha (D:12)
  A centaur warrior (D:14)
  A rakshasa (D:15)
  A catoblepas (Lair:4)
  2 ghost crabs
  A boulder beetle (Lair:1)
  5 hydras
  6 alligators
  2 orc high priests (Orc:2)
  2 dancing weapons (Elf:1)
  8 death yaks
  A spriggan (Swamp:2)
  A goliath frog (Swamp:2)
  A skeletal warrior (D:12)
  5 bog bodies
  3 deep elf archers (Elf:1)
  2 swamp dragons
  A phantasmal warrior (D:14)
  3 orc knights (Orc:2)
  2 deep elf pyromancers
  7 ugly things
  3 deep elf zephyrmancers (Elf:1)
  3 orc sorcerers (Orc:2)
  2 will-o-the-wisps
  A manticore (D:14)
  2 cyclopes (D:15)
  2 elephants
  A black mamba (Lair:5)
  3 torpor snails (Lair:5)
  A gargoyle (D:13)
  8 cane toads
  A freezing wraith (D:14)
  2 komodo dragons
  3 rime drakes
  2 polar bears
  7 tyrant leeches
  4 trolls
  7 hornets
  3 blink frogs (Lair:3)
  2 water elementals (Elf:1)
  4 slime creatures (D:15)
  3 wraiths
  A hog (D:13)
  12 yaks
  2 wyverns (Lair:4)
  3 fire elementals (D:15)
  5 basilisks
  7 vampire mosquitoes
  4 swamp worms
  2 nagas (Lair:2)
  An acid dragon (Lair:5)
  2 wargs (Orc:1)
  A hell hound (D:15)
  A water moccasin (Lair:1)
  3 swamp drakes
  10 orc warriors
  6 ogres
  A boggart (D:15)
  2 wolves (Lair:5)
  4 bullfrogs
  2 jellies (Lair:4)
  An orc priest (Orc:2)
  An iguana (Lair:5)
  3 hell rats (Lair:4)
  3 orc wizards
  7 river rats (Lair:4)
  6 orcs
  2 endoplasms (Lair:4)
  A bush (Lair:4)
  A fungus (Lair:3)
  A plant (Lair:5)
232 creatures vanquished.

Vanquished Creatures (others)
  2 orc high priests
  2 orc sorcerers
  3 orc knights
  A deep elf pyromancer (Elf:1)
  2 bloated husks (Swamp:2)
  5 dream sheep (D:5)
  A water elemental (Elf:1)
  A human (D:13)
  6 orc warriors
  12 orc priests
  10 orc wizards
  36 orcs
  12 foxfires
  37 fungi
  79 plants
209 creatures vanquished.

Grand Total: 868 creatures vanquished

Notes
Turn   | Place    | Note
-------+----------+-------------------------------------------
     0 | D:1      | Popcorn the Hill Orc Monk began the quest for the Orb.
     0 | D:1      | Reached XP level 1. HP: 19/19 MP: 1/1
   300 | D:1      | Reached XP level 2. HP: 27/27 MP: 2/2
   541 | D:1      | Reached skill level 1 in Armour
  1096 | D:2      | Reached XP level 3. HP: 33/33 MP: 3/3
  1793 | D:3      | Reached XP level 4. HP: 41/41 MP: 4/4
  1926 | D:3      | Found Lippuigg's General Store.
  1935 | D:3      | Bought a scroll of teleportation for 42 gold pieces
  1935 | D:3      | Bought a scroll of teleportation for 42 gold pieces
  2694 | D:3      | Reached XP level 5. HP: 47/47 MP: 5/5
  3171 | D:4      | Reached skill level 5 in Fighting
  3534 | D:4      | Noticed Edmund
  3746 | D:4      | Reached XP level 6. HP: 56/56 MP: 6/6
  4094 | D:4      | Noticed Sigmund
  4153 | D:5      | Entered Level 5 of the Dungeon
  4179 | D:5      | Reached skill level 1 in Long Blades
  4391 | D:5      | Found an ornate altar of the Wu Jian Council.
  4430 | D:5      | Became a worshipper of Beogh the Brigand
  4430 | D:5      | Reached * piety under Beogh
  4430 | D:5      | Reached ** piety under Beogh
  4504 | D:5      | Found an ancient bone altar of Kikubaaqudgha.
  4520 | D:5      | Noticed a dream sheep
  4520 | D:5      | Noticed a dream sheep
  4520 | D:5      | Noticed a dream sheep
  4520 | D:5      | Noticed a dream sheep
  4520 | D:5      | Noticed a dream sheep
  4520 | D:5      | Found a shimmering altar of Xom.
  4524 | D:5      | Killed a dream sheep
  4524 | D:5      | Killed a dream sheep
  4524 | D:5      | Killed a dream sheep
  4524 | D:5      | Killed a dream sheep
  4525 | D:5      | Killed a dream sheep
  4576 | D:5      | Found a blossoming altar of Fedhas.
  4634 | D:5      | Noticed Grinder
  4636 | D:5      | Paralysed by Grinder for 5 turns
  4692 | D:5      | Paralysed by Grinder for 2 turns
  4695 | D:5      | Killed Grinder
  4696 | D:5      | Reached skill level 1 in Invocations
  4696 | D:5      | Reached XP level 7. HP: 50/62 MP: 6/8
  5157 | D:6      | Reached skill level 2 in Invocations
  5269 | D:6      | Noticed Blork the orc
  5850 | D:6      | Reached skill level 3 in Invocations
  5850 | D:6      | Reached XP level 8. HP: 38/71 MP: 10/10
  7204 | D:6      | Noticed Menkaure
  7222 | D:6      | Killed Menkaure
  7679 | D:7      | Found a staircase to the Ecumenical Temple.
  7731 | D:7      | Reached skill level 5 in Long Blades
  7747 | D:7      | Reached skill level 5 in Armour
  7967 | D:7      | Identified the +2 quarterstaff of a Thousand Continents
                  | {vamp, +Blink Will- MP+9 Int-2}
  8180 | D:7      | Reached skill level 4 in Invocations
  8277 | D:7      | Found a burning altar of Makhleb.
  8326 | D:7      | Noticed a wyvern
  8337 | D:7      | Killed a wyvern
  8386 | D:7      | Found a shimmering blue altar of Sif Muna.
  9198 | D:8      | Noticed a yak
  9198 | D:8      | Noticed a yak
  9198 | D:8      | Noticed a yak
  9198 | D:8      | Noticed a yak
  9198 | D:8      | Noticed a yak
  9210 | D:8      | Noticed a two-headed ogre
  9222 | D:8      | Killed a yak
  9232 | D:8      | Killed a yak
  9233 | D:8      | Reached skill level 5 in Invocations
  9233 | D:8      | Reached XP level 9. HP: 66/79 MP: 12/12
  9437 | D:8      | Reached skill level 6 in Invocations
  9672 | D:8      | Reached *** piety under Beogh
 10129 | D:8      | Identified the +1 plate armour of Ashenzari, Keeping {rF-
                  | Str+4 Int+4 SInv}
 10679 | D:9      | Noticed a troll
 11037 | D:9      | Killed a troll
 11038 | D:9      | Reached skill level 7 in Invocations
 11050 | D:9      | Reached XP level 10. HP: 33/90 MP: 15/15
 11419 | D:9      | Reached skill level 10 in Long Blades
 11419 | D:9      | Reached skill level 8 in Invocations
 11877 | D:9      | Noticed a two-headed ogre
 12138 | D:10     | Entered Level 10 of the Dungeon
 12148 | D:10     | Noticed Joseph
 12173 | D:10     | Killed Joseph
 12384 | D:10     | Noticed Sonja
 12386 | D:10     | Killed Sonja
 12766 | D:10     | Noticed Psyche
 12778 | D:10     | Killed Psyche
 12779 | D:10     | Reached skill level 10 in Fighting
 12879 | D:10     | Found a large runed translucent door.
 12880 | D:10     | Found a large runed translucent door.
 12883 | D:10     | Noticed baal32's ghost (journeyman MiFi)
 12965 | D:10     | Noticed a two-headed ogre
 13086 | D:6      | Reached skill level 9 in Invocations
 13338 | D:4      | Killed Sigmund
 13472 | D:4      | Killed Edmund
 13572 | D:6      | Killed Blork the orc
 13770 | D:8      | Killed a two-headed ogre
 13771 | D:8      | Reached XP level 11. HP: 97/101 MP: 13/18
 14098 | D:10     | Noticed a deep elf pyromancer
 14102 | D:10     | Killed a deep elf pyromancer
 14184 | D:10     | Reached skill level 10 in Invocations
 14186 | D:10     | Identified the +5 quarterstaff "Eraeq" {speed, rF+ Int+4}
 14237 | D:11     | Found a staircase to the Orcish Mines.
 14238 | D:11     | Noticed a two-headed ogre
 14491 | D:11     | Noticed a brown ugly thing
 14633 | D:10     | Killed a two-headed ogre
 15432 | D:11     | Reached skill level 11 in Invocations
 15856 | D:11     | Reached **** piety under Beogh
 15861 | D:11     | Found a staircase to the Lair.
 15973 | D:11     | Killed a brown ugly thing
 15974 | D:11     | Reached XP level 12. HP: 44/112 MP: 20/20
 16230 | D:11     | Killed a two-headed ogre
 16772 | D:7      | Killed a two-headed ogre
 16904 | Lair:1   | Entered Level 1 of the Lair of Beasts
 17351 | D:12     | Reached skill level 12 in Invocations
 18643 | D:12     | Noticed a centaur warrior
 18847 | D:12     | Killed a centaur warrior
 19164 | D:12     | Noticed Erolcha
 19421 | D:13     | Noticed a vault guard
 19421 | D:13     | Noticed a vault guard
 19779 | D:11     | Reached skill level 13 in Invocations
 20098 | D:11     | Reached XP level 13. HP: 113/122 MP: 22/22
 20404 | Lair:1   | Reached skill level 10 in Armour
 21390 | Lair:2   | Found a staircase to the Swamp.
 21473 | Lair:2   | Found a staircase to the Snake Pit.
 22771 | Lair:3   | Noticed Josephine
 22781 | Lair:3   | Killed Josephine
 22785 | Lair:3   | Reached ***** piety under Beogh
 23129 | Lair:3   | Gained Marbork as an ally
 23133 | Lair:3   | Reached skill level 14 in Invocations
 24341 | Lair:4   | Gained Agrik as an ally
 25035 | Lair:4   | Reached skill level 15 in Invocations
 25080 | Lair:4   | Found a shadowy altar of Dithmenos.
 25089 | Lair:4   | Found a runed translucent door.
 25090 | Lair:4   | Found a viscous altar of Jiyva.
 25092 | Lair:4   | Found a staircase to the Slime Pits.
 25693 | Lair:4   | Reached XP level 14. HP: 126/127 MP: 25/25
 25858 | Lair:5   | Entered Level 5 of the Lair of Beasts
 26662 | Lair:5   | Reached skill level 16 in Invocations
 26873 | Lair:5   | Reached skill level 15 in Fighting
 27072 | Lair:5   | Found a runed translucent door.
 27129 | Lair:5   | Identified the +5 mace of Baleful Cruel Justice {venom,
                  | rElec rPois rF+++ Dex-3}
 27345 | Lair:5   | Paralysed by a hornet for 1 turns
 27347 | Lair:5   | Paralysed by a hornet for 3 turns
 27358 | Lair:5   | Paralysed by a hornet for 3 turns
 27969 | Lair:4   | Reached skill level 17 in Invocations
 29022 | Lair:5   | Reached ****** piety under Beogh
 29922 | Orc:1    | Entered Level 1 of the Orcish Mines
 30070 | Orc:1    | Reached skill level 18 in Invocations
 30130 | Orc:1    | Noticed an orc warlord
 30139 | Orc:1    | Killed an orc warlord
 30142 | Orc:1    | Gained Gorbash as an ally
 30449 | Orc:2    | Entered Level 2 of the Orcish Mines
 30505 | Orc:2    | Found a staircase to the Elven Halls.
 30612 | Orc:2    | Noticed an orc warlord
 30621 | Orc:2    | Killed an orc warlord
 30895 | Orc:2    | Found Burinat's Antique Weapon Boutique.
 30898 | Orc:2    | Found Yliab's General Store.
 30928 | Orc:2    | Found Fazi's Assorted Antiques.
 30934 | Orc:2    | Found Jobietwa's Magic Scroll Boutique.
 30945 | Orc:2    | Bought a scroll of teleportation for 45 gold pieces
 30945 | Orc:2    | Bought a scroll of teleportation for 45 gold pieces
 30945 | Orc:2    | Bought a scroll of teleportation for 45 gold pieces
 31435 | D:12     | Killed Erolcha
 31741 | D:13     | Reached XP level 15. HP: 111/144 MP: 28/28
 32410 | D:13     | Noticed Kirke
 32423 | D:13     | Reached skill level 19 in Invocations
 32433 | D:13     | Killed Kirke
 32709 | D:13     | Found a gate to the Vaults.
 32813 | D:13     | Gained Wargath as an ally
 33187 | D:13     | Gained Boderik as an ally
 33802 | D:13     | Noticed Snorg
 33804 | D:13     | Snorg changed into Snorg the hog
 33804 | D:13     | Noticed Snorg
 33809 | D:13     | Killed Snorg the hog
 33943 | D:13     | Found a portal to a secret trove of treasure.
 35732 | D:15     | Entered Level 15 of the Dungeon
 35814 | D:15     | Found a shimmering altar of Xom.
 35814 | D:15     | Found a shimmering altar of Xom.
 35815 | D:15     | Found a shimmering altar of Xom.
 35816 | D:15     | Found a shimmering altar of Xom.
 35818 | D:15     | Found a shimmering altar of Xom.
 35876 | D:15     | Noticed Azrael
 35886 | D:15     | Killed Azrael
 36206 | D:15     | Reached skill level 20 in Invocations
 36208 | D:15     | Your ally Wargath died
 36214 | D:15     | Reached skill level 1 in Shields
 36579 | D:15     | Gained Blodwig as an ally
 36696 | D:15     | Found a staircase to the Depths.
 36922 | Orc:2    | Bought a runed battleaxe for 237 gold pieces
 36937 | Orc:2    | Bought a glowing long sword for 227 gold pieces
 36937 | Orc:2    | Bought a runed long sword for 227 gold pieces
 36937 | Orc:2    | Bought a runed great mace for 332 gold pieces
 36937 | Orc:2    | Bought a runed mace for 210 gold pieces
 37300 | D:15     | Upgraded the game from 0.30-a0-802-gb92711bcdf to
                  | 0.30-a0-808-g6e0788376e
 37422 | Swamp:1  | Entered Level 1 of the Swamp
 37439 | Swamp:1  | Your ally Agrik died
 37760 | Swamp:1  | Reached skill level 5 in Shields
 38677 | Swamp:2  | Your ally Gorbash died
 38922 | Swamp:2  | Gained Berold as an ally
 39126 | Swamp:1  | Gained mutation: You have an increased reservoir of magic.
                  | (+10% MP) [potion of mutation]
 39126 | Swamp:1  | Gained mutation: You are strong-willed. (Will+) [potion of
                  | mutation]
 39613 | Swamp:2  | Noticed a thorn hunter
 39618 | Swamp:2  | Killed a thorn hunter
 40092 | Swamp:3  | Noticed Donald
 40092 | Swamp:3  | Noticed Jorgrun
 40099 | Swamp:3  | Killed Donald
 40101 | Swamp:3  | Your ally Boderik died
 40104 | Swamp:3  | Your ally Berold died
 40105 | Swamp:3  | Killed Jorgrun
 40106 | Swamp:3  | Reached XP level 16. HP: 58/154 MP: 33/33
 40976 | Elf:1    | Entered Level 1 of the Elven Halls
 41016 | Elf:1    | Reached skill level 1 in Maces & Flails
 41491 | Elf:1    | Found a crumbling gateway.
 42762 | Elf:1    | Paralysed by an air elemental for 1 turns
 42767 | Elf:1    | Paralysed by an air elemental for 1 turns
 42880 | Elf:1    | Reached skill level 10 in Shields
 43134 | Elf:1    | Reached skill level 5 in Maces & Flails
 43190 | Elf:1    | Lost mutation: You have an increased reservoir of magic.
                  | (+10% MP) [potion of mutation]
 43190 | Elf:1    | Lost mutation: You are strong-willed. (Will+) [potion of
                  | mutation]
 43190 | Elf:1    | Gained mutation: You occasionally lose the ability to drink
                  | potions when taking damage. [potion of mutation]
 43190 | Elf:1    | Gained mutation: Your body sometimes deteriorates upon
                  | taking damage. [potion of mutation]
 43190 | Elf:1    | Gained mutation: You occasionally shout uncontrollably at
                  | your foes. [potion of mutation]
 43190 | Elf:1    | Gained mutation: You are robust. (+10% HP) [potion of
                  | mutation]
 43191 | Elf:1    | Lost mutation: You occasionally shout uncontrollably at
                  | your foes. [potion of mutation]
 43191 | Elf:1    | Lost mutation: You occasionally lose the ability to drink
                  | potions when taking damage. [potion of mutation]
 43191 | Elf:1    | Lost mutation: You are robust. (+10% HP) [potion of
                  | mutation]
 43191 | Elf:1    | Gained mutation: You are strong-willed. (Will+) [potion of
                  | mutation]
 43191 | Elf:1    | Gained mutation: You are weak. (Str -2) [potion of
                  | mutation]
 43191 | Elf:1    | Gained mutation: You are dopey. (Int -2) [potion of
                  | mutation]
 43192 | Elf:1    | Lost mutation: You are strong-willed. (Will+) [potion of
                  | mutation]
 43192 | Elf:1    | Lost mutation: You are weak. (Str -2) [potion of mutation]
 43192 | Elf:1    | Lost mutation: You are dopey. (Int -2) [potion of mutation]
 43192 | Elf:1    | Gained mutation: You expend magic power (3 MP) to
                  | strengthen your wands. [potion of mutation]
 43192 | Elf:1    | Gained mutation: You have sharp fingernails. [potion of
                  | mutation]
 43192 | Elf:1    | Gained mutation: Potions are less effective at restoring
                  | your health. [potion of mutation]
 43192 | Elf:1    | Gained mutation: Your flesh is cold resistant. (rC+)
                  | [potion of mutation]
 43193 | Elf:1    | Lost mutation: Your flesh is cold resistant. (rC+) [potion
                  | of mutation]
 43193 | Elf:1    | Lost mutation: You expend magic power (3 MP) to strengthen
                  | your wands. [potion of mutation]
 43193 | Elf:1    | Gained mutation: You expend magic power (3 MP) to
                  | strengthen your wands. [potion of mutation]
 43193 | Elf:1    | Gained mutation: You have an increased reservoir of magic.
                  | (+10% MP) [potion of mutation]
 43193 | Elf:1    | Gained mutation: You have sharp toenails. [potion of
                  | mutation]
 43225 | Elf:1    | Found Nafojowk's Antique Weapon Shop.
 43249 | Elf:1    | Bought a runed dire flail for 245 gold pieces
 43249 | Elf:1    | Bought a glowing great sword for 332 gold pieces
 43602 | Elf:1    | Killed from afar by a deep elf pyromancer

Illustrated notes

Levels and vault maps discovered:
D:1:      lightli_arrival_statuegarden, layout_basic, minmay_misc_feat_hallway
D:2:      layout_basic
D:3:      kennysheep_slugbush, layout_basic, serial_aquarium,
          aquarium_bridge_long_joined [aquarium_subvault_wall,
          aquarium_subvault_bridge, aquarium_subvault_wall,
          aquarium_subvault_bridge, aquarium_subvault_balcony,
          aquarium_subvault_bridge], aquarium_window_corner, aquarium_window_1,
          aquarium_window_corridor_2, aquarium_window_fake, aquarium_view_2c,
          aquarium_view_2d, serial_shops, nicolae_shop_trees,
          nicolae_elevator_lobby_asterisk
D:4:      layout_loops_ring, st_stairs_4,
          nicolae_concentric_dashed_squares_mild, sigmund_edmund_badplayer
D:5:      layout_cave_pools, kennysheep_little_box, kb_xom_exploding_sheep,
          lemuel_doored_altar, nicolae_overflow_hidden_temple,
          serial_co_window_serial, co_window_corner_a, co_window_paths_b,
          co_window_corner_a, co_window_paths_a, co_window_corner_a,
          co_window_2corner, co_window_corner_b, co_window_of_opportunity_b,
          co_window_4corner_a, glass_columns_c, glass_columns_c, uniq_grinder
D:6:      layout_rooms, uniq_edmund, uniq_blork_the_orc, uniq_menkaure
D:7:      layout_basic, nicolae_overflow_crystal_walls,
          lemuel_coloured_pillars_altar, minmay_temple_entry_large_hall
D:8:      layout_basic, hangedman_glass_garden
D:9:      layout_loops_ring
D:10:     layout_irregular_city, ebering_ghost_disaster_area, uniq_sonja,
          uniq_psyche, uniq_joseph
D:11:     layout_stronghold, minmay_lair_entry_grove, orc_0_dummy
D:12:     layout_roguey, uniq_erolcha
D:13:     layout_loops_corners, erik_vaults_2, nicolae_trove_entry_isolated,
          uniq_snorg, uniq_kirke
D:14:     layout_irregular_city
D:15:     grunt_enter_depths_hoard, layout_irregular_city, grunt_decor_clamped,
          xom_shifter_show, uniq_azrael
Lair:1:   layout_loops_ring, nzn_sisyphean_effort
Lair:2:   layout_cellular_growth, swamp_mist, minmay_snake_entry_guardpost_small
Lair:3:   layout_regular_city, serial_bayou_shore_b, uniq_josephine
Lair:4:   layout_cellular_growth, slime_entry_2, basic_altar,
          kennysheep_rathole, infiniplex_staircase_pool, serial_bayou_shore_b
Lair:5:   wormcave, layout_cave_pods, guppyfry_lair_end_dragon,
          infiniplex_staircase_pool_2
Swamp:1:  layout_falls_marsh, nicolae_swamp_tree_designs, swamp_pool5
Swamp:2:  layout_basic_swamp, evilmike_swamp_ruin_house_3, swamp_pool1,
          nicolae_swamp_orc_logging_accident, nicolae_swamp_some_circles
Swamp:3:  layout_basic_swamp, serial_swamp_ruin, evilmike_swamp_ruin_house_5,
          hangedman_swamp_ruin_wall, evilmike_swamp_ruin_rubble_1, uniq_aizul,
          uniq_donald, uniq_jorgrun
Orc:1:    layout_diamond_mine, nicolae_orc_tapped_out
Orc:2:    st_orc_elflike, layout_caves
Elf:1:    layout_onion_city, portal_desolation_entry_salt, serial_shops,
          nicolae_shop_behind_doors, minivault_28,
          amcnicky_mini_rare_corridor_liquid, serial_sigils_hangedman_shear

Skill      XL: |  1  2  3  4  5  6  7  8  9 10 11 12 13 14 15 16 |
---------------+-------------------------------------------------+-----
Armour         | 1 2 3 4 5 6 9 12 | 12.4
Fighting       | 4 5 6 7 8 10 11 13 14 16 | 16.8
Short Blades   | 4 |  4.3
Long Blades    | 3 4 6 9 11 13 | 13.6
Invocations    | 1 3 5 7 9 11 13 15 18 20 | 20.0
Shields        | 9 10 | 10.0
Maces & Flails | 6 |  6.3
Dodging        | |  2.4
Stealth        | |  1.5

Action                     |  1- 3 |  4- 6 |  7- 9 | 10-12 | 13-15 | 16-18 || total
---------------------------+-------+-------+-------+-------+-------+-------++-------
  Melee: Short sword       |   149 |   258 |       |       |       |       ||   407
         Punch             |     1 |     4 |     5 |     4 |    15 |       ||    29
         Long sword        |       |    52 |   369 |       |       |       ||   421
         Scimitar          |       |       |    36 |   557 |   683 |   117 ||  1393
         Mace              |       |       |       |       |    19 |       ||    19
  Throw: Dart              |       |     4 |     4 |    31 |    10 |       ||    49
         Throwing net      |       |       |     1 |       |       |       ||     1
 Invoke: Convert to Beogh  |       |     1 |       |       |       |       ||     1
         Smiting           |       |       |       |     2 |     3 |       ||     5
         Recall Orcish Fol |       |       |       |       |    18 |     4 ||    22
         Give Item to Name |       |       |       |       |     4 |       ||     4
         Stop Recall       |       |       |       |       |     5 |       ||     5
  Evoke: Wand              |       |     8 |     1 |    10 |     4 |       ||    23
    Use: Scroll            |     8 |     3 |    17 |    11 |     8 |     2 ||    49
         Potion            |       |       |     5 |     2 |    10 |     4 ||    21
   Stab: Invisible         |       |       |     2 |       |       |       ||     2
         Distracted        |       |       |       |       |    14 |       ||    14
         Confused          |       |       |       |       |     2 |       ||     2
 Armour: Scale mail        |    55 |   164 |    38 |       |       |       ||   257
         Robe              |     3 |       |       |       |       |       ||     3
         Plate armour      |       |       |   278 |   446 |   541 |    68 ||  1333
  Dodge: Dodged            |    66 |   118 |   120 |   204 |   204 |    24 ||   736
  Block: Buckler           |       |       |       |       |    26 |       ||    26
         Kite shield       |       |       |       |       |       |    78 ||    78
         Reflection        |       |       |       |       |       |    22 ||    22

Table legend: (Time is in decaauts)
 A = Elapsed time spent in this place.
 B = Non-inter-level travel time spent in this place.
 C = Inter-level travel time spent in this place.
 D = Time resting spent in this place.
 E = Time spent auto-exploring this place.
 F = Levels seen in this place.
 G = Mean time per level.
                   A        B        C        D        E       F      G
               +--------+--------+--------+--------+--------+-----+--------+
         Total |  43332 |  39208 |   4124 |  15826 |  14390 |  26 | 1666.6 |
       Dungeon |  26270 |  23528 |   2742 |   8640 |   9307 |  15 | 1751.3 |
          Lair |   9871 |   9120 |    751 |   3997 |   2959 |   5 | 1974.2 |
         Swamp |   3294 |   3119 |    175 |   1707 |    932 |   3 | 1098.0 |
  Orcish Mines |   2826 |   2396 |    430 |    978 |    896 |   2 | 1413.0 |
   Elven Halls |   1068 |   1044 |     24 |    502 |    296 |   1 | 1068.0 |
               +--------+--------+--------+--------+--------+-----+--------+

Top non-repeatable levels by time:
    D:11: 3710 daAuts
  Lair:5: 2846 daAuts
     D:5: 2686 daAuts
    D:13: 2397 daAuts
  Lair:4: 2240 daAuts
    D:12: 2055 daAuts
   Orc:2: 2012 daAuts
     D:7: 1985 daAuts
     D:8: 1883 daAuts
  Lair:3: 1855 daAuts
    D:10: 1768 daAuts
  Lair:1: 1517 daAuts
     D:9: 1496 daAuts
    D:14: 1443 daAuts
  Lair:2: 1412 daAuts
